 Dungeon Crawl Stone Soup version 0.26.0-11-g8f856b5395 (webtiles) character file.

Game seed: 3900441975234015620

697 jackrogers the Slasher (level 7, -1/41 HPs)
             Began as a Gargoyle Monk on Jan 14, 2021.
             Was a Priest of Ru.
             Slain by an ogre
             ... wielding a +0 giant spiked club
              (8 damage)
             ... on level 5 of the Dungeon.
             The game lasted 00:09:30 (4681 turns).

jackrogers the Slasher (Gargoyle Monk)              Turns: 4681, Time: 00:09:30

Health: -1/41      AC: 17    Str: 16    XL:     7   Next: 65%
Magic:  7/7        EV: 10    Int: 11    God:    Ru [***...]
Gold:   236        SH:  3    Dex: 12    Spells: 6/6 levels left

rFire    . . .     SeeInvis .   a - +1 falchion (protect)
rCold    . . .     Faith    .   e - +0 buckler
rNeg     + . .     Spirit   .   j - +0 ring mail
rPois    ∞         Reflect  .   (no helmet)
rElec    +         Harm     .   (no cloak)
rCorr    +         Rampage  .   (no gloves)
Will     .....                  n - +0 pair of boots
Stlth    +.........             g - amulet of regeneration {+regen, !d}
HPRegen  0.53/turn              r - ring of resist corrosion
MPRegen  0.10/turn              (no ring)

@: protection aura
A: negative energy resistance 1, electricity resistance, unbreathing,
petrification resistance, miasma immunity, inability to use devices, unskilled
1, AC +4
a: Renounce Religion, Draw Out Power


You were on level 5 of the Dungeon.
You worshipped Ru.
Ru was most pleased with you.
You visited 1 branch of the dungeon, and saw 5 of its levels.
You also visited: Ossuary.

You collected 236 gold pieces.

Inventory:

Hand Weapons
 a - a +1 falchion of protection (weapon)
Missiles
 q - 7 curare-tipped darts
Armour
 b - a +0 robe
 e - a +0 buckler (worn)
   (You found it on level 1 of the Dungeon)
 i - a +0 leather armour
   (You took it off an orc on level 3 of the Dungeon)
 j - a +0 ring mail (worn)
   (You found it on level 3 of the Dungeon)
 n - a +0 pair of boots (worn)
   (You found it on level 3 of the Dungeon)
Jewellery
 g - an amulet of regeneration (around neck) {+regen, !d}
   (You found it on level 1 of the Dungeon)
 r - a ring of resist corrosion (left hand)
   (You found it on level 5 of the Dungeon)
Scrolls
 f - 4 scrolls of teleportation
 s - a scroll of amnesia
 u - a scroll of magic mapping {!r}
 w - 2 scrolls of remove curse
 x - a scroll of fear {unknown}
Potions
 c - a potion of might
 d - 3 potions of flight
 h - a potion of cancellation
 k - 3 potions of curing
 l - a potion of ambrosia
 m - a potion of resistance
 o - a potion of lignification {!q}
 p - 3 potions of mutation {!q}
 t - a potion of invisibility
 v - a potion of haste {unknown}
 z - a potion of attraction {!q}
 A - a potion of heal wounds {unknown}


   Skills:
 - Level 3.0 Fighting
 * Level 7.2 Long Blades
 - Level 2.1 Dodging
 - Level 2.0 Stealth
 - Level 0.1 Shields


You had 6 spell levels left.
You didn't know any spells.
Your spell library was empty.

Dungeon Overview and Level Annotations

Branches:
Dungeon (5/15)             Temple (0/1) D:5         Ossuary (visited)

Altars:
Gozag
Makhleb
Nemelex Xobeh
Okawaru
Ru
Yredelemnul

Shops:
D:4 (


Innate Abilities, Weirdness & Mutations

You are resistant to torment.
Your stone body is resilient. (AC +4)
You are immune to poison.
You resist negative energy. (rN+)
You are resistant to electric shocks. (rElec)
You can survive without breathing.
You are immune to petrification.
You are immune to miasma.
You cannot study or use magical devices.
You are somewhat unskilled. (-1 Apt)


Message History

You hit the scorpion.
You kill the scorpion!
You see here a scorpion corpse.
You start resting.
You now have 224 gold pieces (gained 14).
You now have 236 gold pieces (gained 12).
There is an open door here.
You open the door.
There is an open door here.
You open the door.
A sky beast comes into view.
A sky beast is nearby!
A sky beast is nearby!
There is an open door here.
The helpless sky beast fails to defend itself.
You hit the sky beast.
Your weapon exudes an aura of protection.
The sky beast hits you but does no damage.
You hit the sky beast.
The sky beast hits you but does no damage.
You closely miss the sky beast. The sky beast hits you.
The sky beast shocks you. You resist.
You closely miss the sky beast.
The sky beast hits you but does no damage.
You hit the sky beast.
The sky beast hits you but does no damage.
You hit the sky beast. The sky beast completely misses you.
You barely miss the sky beast. The sky beast hits you.
The sky beast shocks you. You resist.
You hit the sky beast. The sky beast barely misses you.
You closely miss the sky beast.
The sky beast hits you but does no damage.
You slash the sky beast!
You kill the sky beast!
Your Long Blades skill increases to level 8!
No target in view!
No target in view!
Ru believes you are ready to make a new sacrifice.
Ru asks you to sacrifice your skill.
This is a major sacrifice.
Piety after sacrifice: ***...
Do you really want to make this sacrifice?
You feel less skilled.
Your Long Blades skill decreases to level 7!
You can now heal your body and restore your magic. 2 goblins come into view.
The goblin shouts!
Found an iron altar of Okawaru.
There are monsters nearby!
No reachable target in view!
No reachable target in view!
No reachable target in view!
No reachable target in view!
The goblin hits you but does no damage.
There are monsters nearby!
There are monsters nearby!
Search for what [? for help]? stone
There are monsters nearby!
There are no items here.
An ogre comes into view. It is wielding a +0 giant spiked club.
Spoiler Alert: The ogre (wandering) can hit for high damage in melee!
(D) Dungeon (T) Temple
Where to? (Enter - D:4 @ (x,y), ? - help)
An ogre is nearby!
Spoiler Alert: The ogre (wandering) can hit for high damage in melee!
Unknown command.
Spoiler Alert: The ogre (wandering) can hit for high damage in melee!
There is an open door here.
There is an open door here.
(D) Dungeon (T) Temple
Where to? (Enter - D:4 @ (x,y), ? - help)
There is an open door here.
There is an open door here.
An ogre is nearby!
Spoiler Alert: The ogre (wandering) can hit for high damage in melee!
Unknown command.
Spoiler Alert: The ogre (wandering) can hit for high damage in melee!
The ogre shouts!
Spoiler Alert: The ogre can hit for high damage in melee!
The ogre hits you with a +0 giant spiked club!
You hit the ogre but do no damage.
Your weapon exudes an aura of protection.
You hit the ogre. The ogre barely misses you.
You riposte.
You barely miss the ogre. You hit the ogre but do no damage.
The ogre hits you with a +0 giant spiked club!
Spoiler Alert: The ogre can hit for high damage in melee!
You hit the ogre. You hit the ogre but do no damage.
The ogre is stunned by your conviction and fails to attack.
You slash the ogre!
The ogre hits you with a +0 giant spiked club.
You hit the ogre. You block the ogre's attack.
Spoiler Alert: The ogre can hit for high damage in melee!
You closely miss the ogre. You barely miss the ogre.
The ogre hits you with a +0 giant spiked club!
* * * LOW HITPOINT WARNING * * *
You barely miss the ogre.
The ogre hits you with a +0 giant spiked club!
You die...

..#####.##.# #######.##.###
........#....# .O.
........#....# .O..
##.##..###.#############...
##.##..#####...............
.#......#..#............#
.+......'..'............#
####'#######....@O......#
##...###############....#'#
..........'#...≈g≈..........
..........##.8.≈≈≈..........
#..####..###8_8.............
#######..###.8.≈≈≈..........
#....†.....#...≈g≈.....#####
#..........#######.'...'.
##'######### .###..##. ...


You could see an ogre.

Vanquished Creatures
  A wraith (Ossuary)
  A sky beast (D:5)
  A scorpion (D:5)
  A bullfrog zombie (D:5)
  An orc priest (D:5)
  2 orc wizards (D:3)
  2 iguanas
  3 mummies (Ossuary)
  4 gnolls (D:3)
  4 adders
  A white imp (D:5)
  An ooze (D:4)
  4 worms
  2 dart slugs (D:1)
  A leopard gecko (D:1)
  15 orcs
  7 bats
  6 giant cockroaches
  5 goblins
  6 hobgoblins
  9 jackals
  2 quokkas (D:4)
  3 ball pythons
  7 frilled lizards
  2 gnoll zombies (D:3)
  2 goblin zombies (Ossuary)
  3 hobgoblin zombies (Ossuary)
  A jackal zombie (D:5)
  7 kobolds (D:1)
  An orc zombie (Ossuary)
  5 rats
110 creatures vanquished.

Vanquished Creatures (others)
  A kobold zombie (Ossuary)
1 creature vanquished.

Grand Total: 111 creatures vanquished

Notes
Turn   | Place    | Note
-------+----------+-------------------------------------------
     0 | D:1      | jackrogers the Gargoyle Monk began the quest for the Orb.
     0 | D:1      | Reached XP level 1. HP: 14/14 MP: 1/1
   129 | D:1      | Reached skill level 3 in Long Blades
   137 | D:1      | Reached XP level 2. HP: 10/19 MP: 2/2
   864 | D:1      | Reached XP level 3. HP: 18/23 MP: 3/3
  1323 | D:1      | Reached skill level 4 in Long Blades
  2053 | D:2      | Reached XP level 4. HP: 22/28 MP: 4/4
  2714 | D:3      | Found a sacrificial altar of Ru.
  2733 | D:3      | Reached skill level 5 in Long Blades
  2741 | D:3      | Reached XP level 5. HP: 32/32 MP: 5/5
  2897 | D:3      | Became a worshipper of Ru the Awakened
  2900 | D:3      | Gained mutation: You cannot study or use magical devices.
                  | [Ru sacrifice]
  2900 | D:3      | Reached * piety under Ru
  2900 | D:3      | Reached ** piety under Ru
  3077 | D:3      | Found a basalt altar of Yredelemnul.
  3142 | D:3      | Found an opulent altar of Gozag.
  3332 | D:4      | Found Anujeit's Antique Weapon Emporium.
  3454 | D:4      | Reached XP level 6. HP: 37/37 MP: 6/6
  3506 | D:4      | Found a sparkling altar of Nemelex Xobeh.
  3509 | D:4      | Found a burning altar of Makhleb.
  3535 | D:5      | Entered Level 5 of the Dungeon
  3567 | D:4      | Reached skill level 6 in Long Blades
  3801 | D:5      | Found a staircase to the Ecumenical Temple.
  3877 | D:5      | Found a sand-covered staircase.
  3881 | Ossuary  | Entered an ossuary
  3881 | Ossuary  | Noticed a wraith
  3881 | Ossuary  | Noticed a wraith
  3881 | Ossuary  | Noticed a wraith
  4046 | Ossuary  | Noticed a wraith
  4062 | Ossuary  | Killed a wraith
  4063 | Ossuary  | Reached skill level 7 in Long Blades
  4063 | Ossuary  | Reached XP level 7. HP: 30/41 MP: 7/7
  4631 | D:5      | Reached skill level 8 in Long Blades
  4635 | D:5      | Gained mutation: You are somewhat unskilled. (-1 Apt) [Ru
                  | sacrifice]
  4635 | D:5      | Reduced skill Long Blades to level 7
  4635 | D:5      | Reached *** piety under Ru
  4639 | D:5      | Found an iron altar of Okawaru.
  4680 | D:5      | HP: 7/41 [ogre/+0 giant spiked club (16)]
  4681 | D:5      | Slain by an ogre

Illustrated notes

Levels and vault maps discovered:
D:1:      minmay_arrival_doors, layout_basic
D:2:      layout_loops_corners, hangedman_abyss_or_decor_stabs
D:3:      layout_basic, nicolae_ru_great_annihilating_truth,
          lemuel_zombie_altar_yredelemnul, lemuel_crystal_altar
D:4:      layout_cave_pods, overflow_temple_1_default,
          overflow_temple_1_default, serial_shops, nicolae_shop_behind_doors,
          shop, shop, minmay_tree_intersection, xom_teletrap_fun
D:5:      layout_gridville, kennysheep_okawaru_gauntlet,
          minmay_temple_entry_waves, enter_ossuary_5

Skill      XL: |  1  2  3  4  5  6  7 |
---------------+----------------------+-----
Long Blades    | 3 4 5 7 7 |  7.2
Fighting       | |  3.0
Dodging        | |  2.1
Stealth        | |  2.0
Shields        | |  0.1

Action                   |  1- 3 |  4- 6 |  7- 9 || total
-------------------------+-------+-------+-------++-------
Melee: Falchion          |   141 |   241 |    67 ||   449
Invok: Sacrifice Artific |       |     1 |       ||     1
       Sacrifice Skill   |       |       |     1 ||     1
  Use: Scroll            |     6 |     5 |     9 ||    20
       Potion            |       |     2 |       ||     2
 Stab: Sleeping          |     7 |       |     1 ||     8
       Paralysed         |       |     1 |       ||     1
       Invisible         |       |       |     2 ||     2
Armor: Robe              |    36 |     9 |       ||    45
       Leather armour    |       |    26 |       ||    26
       Ring mail         |       |    38 |    24 ||    62
Dodge: Dodged            |    87 |   133 |    30 ||   250
Block: Buckler           |    19 |    27 |     5 ||    51
       Rpst.: Falchion   |    27 |    56 |     8 ||    91

Table legend: (Time is in decaauts)
 A = Elapsed time spent in this place.
 B = Non-inter-level travel time spent in this place.
 C = Inter-level travel time spent in this place.
 D = Time resting spent in this place.
 E = Time spent auto-exploring this place.
 F = Levels seen in this place.
 G = Mean time per level.
                   A        B        C        D        E       F      G
               +--------+--------+--------+--------+--------+-----+--------+
         Total |   4740 |   4576 |    164 |    848 |   2591 |   6 |  790.0 |
       Dungeon |   4224 |   4060 |    164 |    772 |   2293 |   5 |  844.8 |
       Ossuary |    515 |    515 |      0 |     76 |    298 |   1 |  515.0 |
               +--------+--------+--------+--------+--------+-----+--------+

Top non-repeatable levels by time:
     D:1: 1510 daAuts
     D:2: 1030 daAuts
     D:3: 871 daAuts
 Ossuary: 515 daAuts
     D:5: 448 daAuts
     D:4: 363 daAuts

Table legend:
 A = Kills in this place as a percentage of kills in entire the game.
 B = Kills by you in this place as a percentage of kills by you in the entire game.
 C = Kills by friends in this place as a percentage of kills by friends in the entire game.
 D = Other kills in this place as a percentage of other kills in the entire game.
 E = Experience gained in this place as a percentage of experience gained in the entire game.
 F = Experience gained in this place divided by the number of levels of this place that you have seen.
                   A       B       C       D       E      F
               +-------+-------+-------+-------+-------+----------------------
         Total | 100.0 | 100.0 |   N/A |   N/A | 100.0 | 166.2
       Dungeon |  90.9 |  90.9 |   N/A |   N/A |  72.7 | 145.0
       Ossuary |   9.1 |   9.1 |   N/A |   N/A |  27.3 | 272.0
               +-------+-------+-------+-------+-------+----------------------
